 Dungeon Crawl Stone Soup version 0.22.1-2-g9c5b331 (webtiles) character file.

77903 WarriorsX the Spry (level 16, -30/134 HPs)
             Began as a Human Berserker on Dec 11, 2018.
             Was a High Priest of Trog.
             Killed by the raging water
             ... invoked by a water nymph
              (35 damage)
             ... on level 4 of the Shoals.
             The game lasted 01:49:21 (27239 turns).

WarriorsX the Spry (Human Berserker)               Turns: 27239, Time: 01:49:22

Health: -30/134    AC: 39    Str: 20    XL:     16   Next: 6%
Magic:  20/20      EV: 22    Int: 11    God:    Trog [*****.]
Gold:   1015       SH:  0    Dex: 17    Spells: 15/15 levels left

rFire    . . .     SeeInvis .   H - +8 frozen axe "Frostbite" {freezing cloud, *Noise +Fly rC+}
rCold    + . .     Gourm    +   (shield currently unavailable)
rNeg     + . .     Faith    .   Q - +16 pearl dragon scales of the Loofah {rPois rN+ Int+3}
rPois    +         Spirit   .   b - +0 helmet
rElec    .         Reflect  .   k - +1 cloak
rCorr    .         Harm     .   J - +0 pair of gloves
MR       +....                  j - +0 pair of boots
Stlth    +.........             g - amulet of the gourmand
HPRegen  0.32/turn              a - +3 ring of evasion
MPRegen  0.17/turn              K - ring of stealth

@: engulfed (cannot breathe), mesmerised, studying Armour, heavily drained,
invisible, very slow
A: agile 1, weak 1
a: Berserk, Trog's Hand, Brothers in Arms, Renounce Religion, Evoke Flight


You were on level 4 of the Shoals.
You worshipped Trog.
Trog was extremely pleased with you.
You were very full.

You visited 4 branches of the dungeon, and saw 20 of its levels.
You also visited: Trove and Ossuary.

You collected 1791 gold pieces.
You spent 776 gold pieces at shops.

Inventory:

Hand Weapons
 H - the +8 frozen axe "Frostbite" (weapon) {freezing cloud, *Noise +Fly rC+}
   (You bought it in a shop on level 5 of the Dungeon)

   It has been specially enchanted to freeze those struck by it, causing extra
   injury to most foes and up to half again as much damage against particularly
   susceptible opponents.
   It can also slow down cold-blooded creatures.
   It protects you from cold.
   It lets you fly.
   It may make noises in combat.
 S - a +4 vampiric demon trident
Missiles
 v - 8 poisoned javelins (quivered)
Armour
 b - a +0 helmet (worn)
 j - a +0 pair of boots (worn)
 k - a +1 cloak (worn)
 J - a +0 pair of gloves (worn)
 M - a +2 shield of reflection
 Q - the +16 pearl dragon scales of the Loofah (worn) {rPois rN+ Int+3}
   (You found it on level 2 of the Lair of Beasts)

   It affects your intelligence (+3).
   It protects you from poison.
   It protects you from negative energy.
Jewellery
 a - a +3 ring of evasion (left hand)
 g - an amulet of the gourmand (around neck)
 K - a ring of stealth (right hand)
 N - a +2 amulet of reflection
Wands
 h - a wand of flame (16)
 y - a wand of disintegration (11)
Scrolls
 d - 11 scrolls of remove curse
 o - 11 scrolls of identify
 p - 9 scrolls of enchant weapon
 r - 8 scrolls of teleportation
 u - 2 scrolls of magic mapping
 w - 6 scrolls of enchant armour
 x - 3 scrolls of fog
 A - 3 scrolls of blinking
 C - a scroll of holy word
Potions
 e - a potion of ambrosia
 f - a potion of flight
 i - 5 potions of curing
 m - 2 potions of berserk rage
 B - a potion of haste
 E - a potion of cancellation
Books
 s - a manual of Armour
Comestibles
 c - 35 rations


   Skills:
 + Level 14.8(13.1) Fighting
 - Level 14.7(13.1) Axes
   Level 2.9(8.7) Maces & Flails
 - Level 14.3(12.6) Armour
 * Level 15.3(13.6) Dodging
   Level 6.3(4.9) Invocations


You had 15 spell levels left.
You didn't know any spells.
Your spell library contained the following spells:

 Spells                   Type           Power        Failure   Level  Hunger
 Animate Skeleton         Necr           N/A          67%         1    ##.....
 Apportation              Tloc           #.....       67%         1    ##.....
 Beastly Appendage        Tmut           #.....       67%         1    ##.....
 Confusing Touch          Hex            #.....       67%         1    ##.....
 Magic Dart               Conj           #...         67%         1    ##.....
 Summon Small Mammal      Summ           #...         67%         1    ##.....
 Blink                    Tloc           N/A          80%         2    ###....
 Call Imp                 Summ           #.......     80%         2    ###....
 Corpse Rot               Necr           N/A          80%         2    ###....
 Slow                     Hex            #.......     80%         2    ###....
 Sticks to Snakes         Tmut           #.......     80%         2    ###....
 Sublimation of Blood     Necr           #.........   80%         2    ###....
 Conjure Flame            Conj/Fire      #.......     95%         3    ####...
 Mephitic Cloud           Conj/Pois/Air  #.......     95%         3    ####...
 Spider Form              Tmut/Pois      #.........   95%         3    ####...
 Ice Form                 Ice/Tmut       #.......     100%        4    #####..
 Agony                    Necr           #.......     100%        5    ######.
 Blade Hands              Tmut           #.........   100%        5    ######.
 Bolt of Draining         Conj/Necr      #.........   100%        5    ######.
 Dispel Undead            Necr           #.......     100%        5    ######.
 Excruciating Wounds      Chrm/Necr      #.........   100%        5    ######.


Dungeon Overview and Level Annotations

Branches:
Dungeon (13/15)            Temple (1/1) D:6            Lair (2/6) D:11
 Shoals (4/4) Lair:2          Orc (0/2) D:12
  Snake: Lair:2-4    Spider: Lair:2-4    Vaults: D:13-14

Altars:
Ashenzari
Cheibriados
Dithmenos
Elyvilon
Fedhas
Gozag
Hepliaklqana
Kikubaaqudgha
Makhleb
Nemelex Xobeh
Okawaru
Qazlal
Ru
Sif Muna
Trog
Uskayaw
Vehumet
Wu Jian
Xom
Yredelemnul
Zin
The Shining One
Jiyva

Shops:
D:5 (   D:7 (   D:8 [   D:11 (

Annotations:
D:10 Maurice
D:11 exclusion: ice statue
D:13 Kirke
Lair:2 exclusion: 4 oklob plants
Shoals:1 exclusion: Roxanne, Roxanne
Shoals:4 Ilsuiw


Innate Abilities, Weirdness & Mutations

You are agile. (Dex +2)
You are weak. (Str -2)


Message History

The wind drake flaps its wings at you. The air twists around and strikes you!
The merfolk hits you from afar with a halberd.
* * * LOW HITPOINT WARNING * * *
The merfolk barely misses you.
The merfolk avatar chants its luring song.
The merfolk throws a tomahawk.
The tomahawk closely misses you.
The tomahawk closely misses the water elemental.
The tomahawk hits the merfolk!
You fade into invisibility!
* * * LOW HITPOINT WARNING * * *
Your lungs strain for air!
You hear some strange, mumbled words.
The merfolk impaler completely misses you.
The merfolk siren chants its luring song.
The wind drake barely misses you.
The merfolk hits you but does no damage.
The water nymph casts a spell at you. The water swirls and strikes you!
You die...

..≈≈≈ .. ..≈≈≈≈ ...≈.
.≈≈≈≈≈ ..#..≈≈ ≈≈≈≈≈≈
..<.≈≈≈## #≈≈≈≈≈≈
...≈≈≈≈≈## ##m≈≈≈≈≈≈
...≈≈≈≈≈≈#######.≈≈≈≈≈≈≈
...≈≈≈≈/.m..tm@)≈..≈≈≈≈≈
...≈≈≈≈..m.#{Ekm≈..≈≈≈≈≈
....≈≈≈.....mmm≈(....≈≈≈
.≈..≈≈........E.......≈≈
....≈≈................≈≈
....≈.##%......m....=.≈≈
...≈.##...............≈≈
......................≈≈
...≈≈≈≈..≈≈≈≈≈≈........≈


You could see a merfolk avatar, a merfolk impaler, a snapping turtle, a wind
drake, 5 merfolk, 2 water elementals, a merfolk siren and a water nymph.

Vanquished Creatures
  A titan (Shoals:2)
  Polyphemus (Shoals:1)
  2 krakens
  A minotaur (Lair:1)
  10 merfolk impalers
  A great orb of eyes (D:12)
  Fannar (D:11)
  2 catoblepae (Shoals:2)
  4 hydras
  A satyr (Shoals:3)
  3 merfolk aquamancers
  2 merfolk avatars
  A two-headed ogre (D:12)
  7 death yaks
  Sonja (D:11)
  7 sea snakes
  An unseen horror (D:11)
  12 harpies
  Pikel (D:5)
  A deep elf mage (D:11)
  3 ugly things
  4 cyclopes
  2 manticores
  14 fauns
  2 black mambas
  4 water nymphs
  4 merfolk sirens
  2 spiny frogs
  2 rime drakes (Lair:2)
  3 komodo dragons
  3 trolls
  25 merfolk
  A polar bear (Lair:2)
  A hornet (D:12)
  8 blink frogs
  A wind drake (Shoals:4)
  6 slime creatures (D:12)
  7 snapping turtles
  4 hippogriffs
  A hippogriff (shapeshifter) (D:11)
  6 spriggans (Lair:2)
  8 water elementals
  16 yaks
  4 hungry ghosts
  4 basilisks
  4 steam dragons
  2 water moccasins
  2 porcupines (Lair:2)
  An ice beast (D:11)
  4 slaves (D:4)
  2 orc warriors
  3 black bears
  An eye of draining (D:12)
  2 phantoms
  7 ogres
  3 necrophages
  5 sky beasts
  9 centaurs
  A big kobold (D:10)
  5 crocodiles
  8 bullfrogs
  Blork the orc (D:6)
  3 scorpions
  A water moccasin skeleton (D:5)
  2 wyvern skeletons
  7 killer bees
  2 troll zombies (D:12)
  8 wights
  A howler monkey (D:5)
  2 crimson imps
  3 quasits
  A centaur zombie (D:12)
  9 hounds
  6 jellies
  A bullfrog skeleton (D:11)
  2 centaur skeletons
  6 orc priests
  10 orc wizards
  Crazy Yiuf (D:6)
  Jessica (D:2)
  An iguana (D:5)
  4 worker ants
  4 ogre zombies (D:12)
  A hound skeleton (D:8)
  8 mummies (Ossuary)
  9 adders
  5 shadow imps
  An adder zombie (D:6)
  An adder skeleton (D:6)
  A dart slug (D:1)
  6 leopard geckos
  34 orcs
  5 bats
  5 giant cockroaches
  2 gnoll zombies (Ossuary)
  8 goblins
  4 hobgoblins
  12 jackals
  7 kobolds
  7 quokkas
  A ball python (D:2)
  7 frilled lizards
  3 goblin zombies (D:12)
  2 hobgoblin skeletons (D:12)
  3 hobgoblin zombies
  2 kobold zombies (Ossuary)
  3 leopard gecko skeletons
  2 leopard gecko zombies
  15 orc zombies
  8 rats
  5 fungi (Lair:2)
  6 plants
  4 tentacles
  A withered plant (Shoals:2)
508 creatures vanquished.

Vanquished Creatures (others)
  The ghost of Tommers the Unseen, a journeyman SpEn of Gozag (Lair:2)
  A human (D:13)
  7 fungi (Lair:2)
  14 plants
  63 tentacles
86 creatures vanquished.

Grand Total: 594 creatures vanquished

Notes
Turn   | Place    | Note
-------+----------+-------------------------------------------
     0 | D:1      | WarriorsX the Human Berserker began the quest for the Orb.
     0 | D:1      | Reached XP level 1. HP: 18/18 MP: 1/1
   156 | D:1      | Reached XP level 2. HP: 24/24 MP: 2/2
   557 | D:1      | Reached XP level 3. HP: 26/30 MP: 3/3
  1324 | D:2      | Found a sacrificial altar of Ru.
  1333 | D:2      | Noticed Jessica
  1342 | D:2      | Reached ** piety under Trog
  1700 | D:2      | Killed Jessica
  1700 | D:2      | Reached XP level 4. HP: 21/38 MP: 4/4
  2048 | D:2      | Found an ornate altar of the Wu Jian Council.
  2595 | D:3      | Found a sparkling altar of Nemelex Xobeh.
  2686 | D:3      | Reached skill level 5 in Fighting
  2798 | D:3      | Noticed an ogre
  2838 | D:3      | Reached XP level 5. HP: 36/44 MP: 5/5
  3563 | D:3      | Found a radiant altar of Vehumet.
  3619 | D:3      | Killed an ogre
  3619 | D:3      | Reached XP level 6. HP: 52/52 MP: 6/6
  3949 | D:4      | Reached skill level 1 in Maces & Flails
  3955 | D:4      | Noticed a phantom
  3985 | D:4      | Killed a phantom
  4002 | D:4      | Reached XP level 7. HP: 16/57 MP: 7/7
  4007 | D:4      | Found a sand-covered staircase.
  4012 | Ossuary  | Entered an ossuary
  4476 | Ossuary  | Reached *** piety under Trog
  4486 | Ossuary  | Reached skill level 5 in Axes
  4986 | Ossuary  | Gained mutation: You are weak. (Str -2) [potion of
                  | mutation]
  4986 | Ossuary  | Gained mutation: You are agile. (Dex +2) [potion of
                  | mutation]
  5475 | D:5      | Entered Level 5 of the Dungeon
  5516 | D:5      | Reached XP level 8. HP: 62/64 MP: 8/8
  5542 | D:5      | Found Kunnelusm's Weapon Boutique.
  6530 | D:5      | Noticed Pikel
  6693 | D:5      | Killed Pikel
  6693 | D:5      | Reached skill level 5 in Dodging
  6693 | D:5      | Reached XP level 9. HP: 29/69 MP: 9/9
  7058 | D:6      | Noticed Blork the orc
  7072 | D:6      | Killed Blork the orc
  7072 | D:6      | Reached skill level 6 in Dodging
  7307 | D:6      | Reached **** piety under Trog
  7307 | D:6      | Reached skill level 7 in Dodging
  7316 | D:6      | Found a staircase to the Ecumenical Temple.
  7323 | D:6      | Got an ancient cloak
  7329 | D:6      | Identified the +1 cloak of Terror {rN+ Str+5 Dex-3} (You
                  | found it on level 6 of the Dungeon)
  7338 | Temple   | Entered the Ecumenical Temple
  7875 | D:6      | Found an opulent altar of Gozag.
  7954 | D:6      | Found a runed door.
  7958 | D:6      | Noticed Crazy Yiuf
  7960 | D:6      | Killed Crazy Yiuf
  7960 | D:6      | Reached skill level 5 in Armour
  8298 | D:7      | Found Duhiavise's Weapon Emporium.
  8301 | D:7      | Noticed a hippogriff
  8312 | D:7      | Killed a hippogriff
  8312 | D:7      | Reached XP level 10. HP: 76/76 MP: 10/10
  8818 | D:7      | Found a glowing golden altar of the Shining One.
  8983 | D:8      | Received a gift from Trog
  9019 | D:8      | Found an iron altar of Okawaru.
  9556 | D:8      | Found Jufonimy's Armour Boutique.
 11029 | D:5      | Bought the +8 frozen axe "Frostbite" {freezing cloud,
                  | *Noise +Fly rC+} for 776 gold pieces
 11029 | D:5      | Found the +8 frozen axe "Frostbite" {freezing cloud, *Noise
                  | +Fly rC+}
 11213 | D:10     | Entered Level 10 of the Dungeon
 11431 | D:10     | Reached XP level 11. HP: 84/87 MP: 11/11
 11572 | D:10     | Found a portal to a secret trove of treasure.
 11585 | D:10     | You paid a toll of 5 potions of resistance to enter a
                  | treasure trove
 11586 | Trove    | Entered a treasure trove
 12430 | D:11     | Noticed Maurice
 12572 | D:11     | Noticed a brown ugly thing
 12602 | D:10     | Killed a brown ugly thing
 12677 | D:11     | Found Waasef's Antique Weapon Boutique.
 12685 | D:11     | Found a staircase to the Lair.
 12813 | D:11     | Reached ***** piety under Trog
 12904 | D:11     | Reached skill level 10 in Armour
 12966 | D:10     | Received a gift from Trog
 13385 | D:11     | Killed an unseen horror
 13412 | D:11     | Noticed Sonja
 13422 | D:11     | Killed Sonja
 13422 | D:11     | Reached skill level 8 in Dodging
 13970 | D:11     | Identified Sif Muna's Grimoire of Stones and Talismans
 14007 | D:11     | Noticed Fannar
 14017 | D:11     | Killed Fannar
 14017 | D:11     | Reached skill level 9 in Dodging
 14215 | D:12     | Noticed a cyan ugly thing
 14222 | D:12     | Killed a cyan ugly thing
 14269 | D:12     | Reached skill level 10 in Dodging
 14319 | D:12     | Found a transporter.
 14319 | D:12     | Noticed a catoblepas
 14351 | D:12     | Noticed a two-headed ogre
 14360 | D:12     | Killed a two-headed ogre
 14360 | D:12     | Reached XP level 12. HP: 53/97 MP: 12/12
 14365 | D:12     | Found a viscous altar of Jiyva.
 14539 | D:11     | Reached skill level 10 in Fighting
 15173 | D:12     | Found a staircase to the Orcish Mines.
 15338 | D:12     | Found a glowing silver altar of Zin.
 15658 | D:12     | Noticed a great orb of eyes
 15658 | D:12     | Found a transporter.
 15665 | D:12     | Received a gift from Trog
 15665 | D:12     | Killed a great orb of eyes
 15717 | D:12     | Identified a scroll of acquirement
 15718 | D:12     | Got a crude helmet
 15729 | D:12     | Identified the +0 helmet "Vishun Ivirgh" {*Corrode Int+5
                  | Dex+5} (You acquired it on level 12 of the Dungeon)
 15875 | D:13     | Noticed Kirke
 15905 | Lair:1   | Entered Level 1 of the Lair of Beasts
 16328 | Lair:1   | Noticed an eight-headed hydra
 16338 | Lair:1   | Killed an eight-headed hydra
 16338 | Lair:1   | Reached XP level 13. HP: 110/111 MP: 12/15
 16465 | Lair:1   | Reached skill level 5 in Invocations
 16802 | Lair:1   | Noticed a six-headed hydra
 16815 | Lair:1   | Killed a six-headed hydra
 16815 | Lair:1   | Reached skill level 10 in Axes
 17084 | Lair:2   | Found a runed gate.
 17084 | Lair:2   | Found a runed gate.
 17084 | Lair:2   | Noticed an eight-headed hydra
 17096 | Lair:2   | Killed an eight-headed hydra
 17104 | Lair:2   | Found a runed gate.
 17116 | Lair:2   | Noticed a minotaur
 17123 | Lair:2   | Noticed Tommers's ghost (journeyman SpEn)
 17127 | Lair:2   | Noticed an eight-headed hydra
 17155 | Lair:1   | Killed an eight-headed hydra
 18104 | Lair:2   | Found a staircase to the Shoals.
 19077 | Lair:1   | Killed a minotaur
 19371 | Lair:2   | Killed Tommers's ghost
 19508 | Lair:2   | Got steaming pearl dragon scales
 19714 | Lair:2   | Identified the +16 pearl dragon scales of the Loofah {rPois
                  | rN+ Int+3} (You found it on level 2 of the Lair of Beasts)
 19760 | Shoals:1 | Entered Level 1 of the Shoals
 19786 | Shoals:1 | Noticed a merfolk avatar
 19787 | Shoals:1 | Reached XP level 14. HP: 109/118 MP: 18/18
 20341 | Shoals:1 | Noticed Roxanne
 20580 | Shoals:1 | Reached skill level 11 in Dodging
 21642 | Shoals:2 | Received a gift from Trog
 22113 | Shoals:2 | Reached skill level 12 in Dodging
 22426 | Shoals:2 | Noticed a kraken
 22641 | Shoals:2 | Noticed Polyphemus
 22691 | Shoals:2 | Reached XP level 15. HP: 94/123 MP: 19/19
 23160 | Shoals:1 | Killed Polyphemus
 23392 | Shoals:2 | Reached skill level 13 in Dodging
 23536 | Shoals:2 | Received a gift from Trog
 23694 | Shoals:2 | Noticed a titan
 23765 | Shoals:2 | Killed a titan
 24707 | Shoals:2 | Killed a kraken
 24707 | Shoals:2 | Reached skill level 14 in Dodging
 25786 | Shoals:3 | Found a basalt altar of Yredelemnul.
 25790 | Shoals:3 | Noticed a reaper
 25792 | Shoals:3 | Noticed a kraken
 26020 | Shoals:3 | Killed a kraken
 26440 | Shoals:4 | Entered Level 4 of the Shoals
 26600 | Shoals:3 | Reached skill level 15 in Dodging
 27042 | Shoals:4 | Noticed Ilsuiw
 27053 | Shoals:3 | Reached XP level 16. HP: 122/134 MP: 20/20
 27095 | Shoals:3 | Received a gift from Trog
 27239 | Shoals:4 | HP: 4/134 [drowned by a water elemental[Ilsuiw] (6)]
 27239 | Shoals:4 | Killed from afar by a water nymph

Skill      XL: |  1  2  3  4  5  6  7  8  9 10 11 12 13 14 15 |
---------------+----------------------------------------------+-----
Fighting       | 4 5 8 9 13 14 | 14.8
Axes           | 4 6 8 9 12 14 | 14.7
Maces & Flails | 2 |  2.9
Dodging        | 5 7 10 12 15 | 15.3
Armour         | 6 11 13 14 | 14.3
Invocations    | 3 6 |  6.3

Action                   |  1- 3 |  4- 6 |  7- 9 | 10-12 | 13-15 | 16-18 || total
-------------------------+-------+-------+-------+-------+-------+-------++-------
Melee: Hand axe          |    87 |   101 |       |       |       |       ||   188
       Whip              |       |    36 |       |     6 |    25 |       ||    67
       War axe           |       |     3 |   201 |       |       |       ||   204
       Battleaxe         |       |       |    89 |   160 |       |       ||   249
       Executioner's axe |       |       |       |   274 |   564 |    12 ||   850
Invok: Berserk           |     1 |     4 |     5 |    11 |     9 |       ||    30
       Trog's Hand       |       |       |       |     1 |     4 |       ||     5
 Abil: Evoke Flight      |       |       |       |       |     4 |       ||     4
Evoke: Wand              |       |       |       |       |     9 |       ||     9
       Lamp of fire      |       |       |       |       |     1 |       ||     1
  Use: Potion            |       |     7 |     7 |       |     7 |     1 ||    22
       Scroll            |       |     5 |     5 |     7 |     4 |       ||    21
 Stab: Sleeping          |     2 |       |       |       |       |       ||     2
       Invisible         |       |       |     2 |       |       |       ||     2
       Petrified         |       |       |       |       |     9 |       ||     9
  Eat: Chunk             |     2 |    11 |    20 |    44 |    48 |       ||   125
       Ration            |       |       |     2 |       |       |       ||     2
Armor: Animal skin       |    23 |     2 |       |       |       |       ||    25
       Ring mail         |       |    38 |    76 |   133 |       |       ||   247
       Plate armour      |       |       |       |    72 |   132 |       ||   204
       Pearl dragon scal |       |       |       |       |   435 |    37 ||   472
       Skin              |       |       |       |       |     3 |       ||     3
Dodge: Dodged            |    62 |    93 |   214 |   474 |   856 |    56 ||  1755
